 Dungeon Crawl Stone Soup version 0.20.1-1-g8b1a95d (webtiles) character file.

320 Irenicus the Gouger (level 6, -2/28 HPs)
             Began as a Felid Chaos Knight on Oct 8, 2017.
             Slain by an orc warrior
             ... wielding a +0 glaive
              (7 damage)
             ... in a bailey.
             The game lasted 00:21:27 (4137 turns).

Irenicus the Gouger (Felid Chaos Knight)            Turns: 4137, Time: 00:21:28

Health: -2/28      AC: 12    Str:  8    XL:     6   Next: 22%
Magic:  7/7        EV: 18    Int: 15    God:    Xom [....*.]
Gold:   219        SH:  0    Dex: 16    Spells: 5/5 levels left
                                        Lives:  0   Deaths: 2

rFire    . . .     SeeInvis +     - Unarmed
rCold    . . .     Gourm    .   (shield unavailable)
rNeg     . . .     Faith    .   (armour unavailable)
rPois    .         Spirit   .   (helmet unavailable)
rElec    .         Reflect  .   (cloak unavailable)
rCorr    .         Harm     .   (gloves unavailable)
MR       .....     Clarity  +   (boots unavailable)
Stlth    ++++......             (no amulet)
Regen    0.1/turn               f - +2 ring of protection
MPRegen  0.1/turn               g - +6 ring of protection

@: quick
A: no armour, no weapons or thrown items, stealth, antennae 1, claws 1, fangs 3,
iridescent scales 1, see invisible, carnivore 3, clarity, clever 1, clumsy 1,
speed 1, shaggy fur 2, slow metabolism 1, sharp paws
a: Renounce Religion


You were in a bailey.
You worshipped Xom.
You were a beloved toy of Xom.
You were not hungry.

You visited 1 branch of the dungeon, and saw 7 of its levels.
You also visited: Bailey.

You collected 219 gold pieces.

Inventory:

Jewellery
 f - a +2 ring of protection (left paw)
 g - a +6 ring of protection (right paw)
 m - an uncursed ring of poison resistance
 p - an uncursed ring of ice
Wands
 r - a wand of polymorph (0/24)
 v - a wand of paralysis (0/24)
Scrolls
 c - a scroll of remove curse
 n - 2 scrolls of identify
Potions
 e - a potion of brilliance
Comestibles
 a - 2 meat rations
 b - 2 royal jellies


   Skills:
 - Level 3.0 Fighting
 - Level 3.2 Dodging
 + Level 6.7 Stealth
 + Level 9.1 Unarmed Combat


You had 5 spell levels left.
You didn't know any spells.

Dungeon Overview and Level Annotations

Branches:
Dungeon (8/15)             Temple (0/1) D:7
   Lair: D:8-11

Altars:
Hepliaklqana
Nemelex Xobeh
Xom

Shops:
D:4 (

Annotations:
D:7 Dowan, Duvessa


Innate Abilities, Weirdness & Mutations

You cannot wear armour.
You are incapable of wielding weapons or throwing items.
Your paws allow you to move quietly. (Stealth)
You have sharp claws.
You have razor-sharp teeth.
You have supernaturally acute eyesight. (SInv)
You are carnivorous and can eat meat at any time.
You cover ground quickly.
You are covered in thick fur. (AC +2)
You have a slow metabolism.
Your sharp claws are effective at attacking unaware monsters.
You have a pair of small antennae on your head.
You are partially covered in iridescent scales. (AC +2)
You possess an exceptional clarity of mind.
Your mind is acute. (Int +2)
You are clumsy. (Dex -2)


Message History

The orc warrior hits you with a +0 glaive!
The orc barely misses you.
You scratch the orc warrior.
You bite the orc warrior, but do no damage.
The orc warrior is severely wounded.
The orc warrior closely misses you.
The orc hits you from afar with a trident.
* * * LOW HITPOINT WARNING * * *
You closely miss the orc warrior.
The orc warrior is severely wounded.
The orc warrior hits you with a +0 glaive.
* * * LOW HITPOINT WARNING * * *
You scratch the orc warrior.
The orc warrior is almost dead.
The orc closely misses you.
You scratch the orc warrior but do no damage.
The orc warrior is almost dead.
The orc misses you.
The orc warrior hits you with a +0 glaive!
You die...

#####⌠.......#≈≈≈ ))..#####....#≈
≈≈ , ...≈≈≈. ≈≈≈≈....##...#≈≈
.≈≈≈.........≈≈ ...≈≈≈.⌠.#.).# ≈
≈c≈.............
≈≈≈..≈≈..#...#≈≈≈ ≈≈.⌠.........⌠.
..≈≈≈.≈≈.#⌠..# ≈ ≈........o.....
≈≈..≈≈.≈.##..#≈≈{ ≈....≈≈≈≈≈≈≈...
.≈≈≈.≈.≈≈.#..#####...≈≈≈≈≈≈≈≈≈≈≈.
⌠..≈.≈≈.≈.#..'..@oo.≈≈≈≈≈≈≈≈≈≈≈≈≈
∩..≈....≈.#..'..b...≈≈≈≈≈?=)≈≈≈≈≈
⌠..≈.≈≈.≈.#..'......≈≈≈≈≈≈≈≈≈≈≈≈≈
.≈≈≈.≈.≈≈.#.)#####...≈≈≈≈≈S()≈≈≈.
≈≈..≈≈.≈.##..#≈ , ≈....≈≈≈≈≈≈≈c..
..≈≈≈.≈≈.#⌠..# ≈≈ ≈......)o.5c...
≈≈≈..≈≈..#...# ,≈≈.⌠.........⌠.
...≈≈≈.⌠.#...# ≈ .≈.............
≈≈≈≈....##...# .≈≈≈.........≈≈


You could see an orc warrior and an orc.

Vanquished Creatures
  6 orc warriors (Bailey)
  A necrophage (D:7)
  An ogre (D:4)
  2 centaurs
  A scorpion (D:4)
  2 hounds
  An orc wizard (D:4)
  A jelly (D:7)
  2 worker ants
  2 adders
  2 dart slugs (D:1)
  5 worms
  2 leopard geckos
  19 orcs
  3 giant cockroaches
  3 goblins
  6 hobgoblins
  12 jackals
  2 quokkas
  6 bats
  5 frilled lizards
  A jackal skeleton (D:4)
  10 kobolds
  9 rats
104 creatures vanquished.

Vanquished Creatures (collateral kills)
  2 orcs (Bailey)
  A goblin (Bailey)
3 creatures vanquished.

Vanquished Creatures (others)
  An orc warrior (Bailey)
  3 orcs (Bailey)
4 creatures vanquished.

Grand Total: 111 creatures vanquished

Notes
Turn   | Place    | Note
-------+----------+-------------------------------------------
     0 | D:1      | Irenicus the Felid Chaos Knight began the quest for the Orb.
     0 | D:1      | Reached XP level 1. HP: 10/10 MP: 2/2
    62 | D:1      | XOM: potion effect (heal wounds)
    84 | D:1      | XOM: butterfly on damage
   120 | D:1      | Reached XP level 2. HP: 5/14 MP: 3/3
   160 | D:1      | XOM: harmless Hex miscast
   416 | D:1      | XOM: god gift: glowing robe {god gift}
   498 | D:1      | Reached skill level 4 in Unarmed Combat
   642 | D:1      | Reached XP level 3. HP: 17/17 MP: 4/4
   840 | D:2      | XOM: 3-stop teleportation journey
   890 | D:2      | XOM: cloud trail
   960 | D:2      | Reached skill level 1 in Stealth
  1028 | D:2      | Found a hazy altar of Hepliaklqana.
  1170 | D:2      | XOM is BORED!
  1170 | D:2      | XOM: give mutations
  1170 | D:2      | Gained mutation: You have a pair of small antennae on your head. [Xom's mischief]
  1170 | D:2      | Gained mutation: You are clumsy. (Dex -2) [Xom's mischief]
  1171 | D:2      | XOM: give mutation
  1171 | D:2      | Gained mutation: Your mind is acute. (Int +2) [Xom's grace]
  1184 | D:2      | XOM: harmless Tloc miscast
  1480 | D:3      | Reached XP level 4. HP: 21/21 MP: 5/5
  1490 | D:3      | XOM: cloud trail
  1502 | D:3      | Found a sparkling altar of Nemelex Xobeh.
  1551 | D:3      | XOM: scenery: create altars
  1748 | D:3      | XOM: scenery: 1 doors open
  1763 | D:3      | XOM: mild Chrm miscast
  1864 | D:3      | XOM: mild Air miscast
  2070 | D:2      | XOM: harmless Chrm miscast
  2147 | D:2      | XOM: mild Erth miscast
  2276 | D:3      | Reached skill level 5 in Unarmed Combat
  2382 | D:4      | Reached XP level 5. HP: 18/24 MP: 6/6
  2443 | D:4      | XOM: fog
  2716 | D:4      | Noticed an ogre
  2718 | D:4      | XOM: confuse monster(s)
  2726 | D:4      | XOM: chaos upgrade
  2731 | D:4      | Killed an ogre
  2731 | D:4      | Reached skill level 6 in Unarmed Combat
  2755 | D:4      | Gained mutation: You are covered in thick fur. (AC +2) [Felid growth]
  2755 | D:4      | Reached XP level 6. HP: 28/28 MP: 7/7
  2777 | D:4      | Found Icatipt's Antique Weapon Emporium.
  2898 | D:4      | XOM: silly message
  3015 | D:4      | XOM: summons 3 hostile demons
  3024 | D:5      | Entered Level 5 of the Dungeon
  3052 | D:5      | You fall through a shaft for 3 floors!
  3085 | D:7      | Reached skill level 7 in Unarmed Combat
  3097 | D:7      | Noticed Duvessa
  3097 | D:7      | Noticed Dowan
  3246 | D:7      | XOM: summons friendly iron imp
  3251 | D:7      | Reached XP level 7. HP: 25/31 MP: 8/8
  3256 | D:7      | Found a flagged portal.
  3268 | Bailey   | Entered a bailey
  3269 | Bailey   | XOM: potion effect (brilliance)
  3270 | Bailey   | XOM: polymorph centaur -> hound
  3314 | Bailey   | XOM: cast spell 'Cause Fear'
  3326 | Bailey   | XOM: divination: magic mapping
  3429 | Bailey   | XOM: cast spell 'Call Canine Familiar'
  3503 | Bailey   | Reached skill level 5 in Stealth
  3503 | Bailey   | Reached skill level 8 in Unarmed Combat
  3551 | Bailey   | XOM: summons friendly shadow imp
  3565 | Bailey   | XOM: divination: magic mapping
  3575 | Bailey   | XOM: cast spell 'Call Canine Familiar'
  3837 | Bailey   | XOM: give mutations
  3837 | Bailey   | Gained mutation: You are partially covered in iridescent scales. (AC +2) [Xom's grace]
  3837 | Bailey   | Gained mutation: You possess an exceptional clarity of mind. [Xom's grace]
  3849 | Bailey   | Reached XP level 8. HP: 34/34 MP: 9/9
  3997 | Bailey   | XOM: 4-stop teleportation journey
  4019 | Bailey   | XOM: summons friendly shadow imp
  4021 | Bailey   | XOM: enchant monster (good)
  4023 | Bailey   | XOM: cast spell 'Summon Mana Viper'
  4024 | Bailey   | Reached skill level 9 in Unarmed Combat
  4027 | Bailey   | Slain by a centaur
  4028 | Bailey   | Reached XP level 7. HP: -1/46 MP: 8/8
  4115 | Bailey   | XOM: butterfly on damage
  4117 | Bailey   | Slain by an orc warrior
  4118 | Bailey   | Reached XP level 6. HP: -3/28 MP: 7/7
  4137 | Bailey   | Slain by an orc warrior

Skill      XL: |  1  2  3  4  5  6  7  8 |
---------------+-------------------------+-----
Unarmed Combat | 4 5 6 7 8 9 |  9.1
Stealth        | 1 2 3 4 6 |  6.7
Fighting       | |  3.0
Dodging        | |  3.2

Action                   |  1- 3 |  4- 6 |  7- 9 || total
-------------------------+-------+-------+-------++-------
Melee: Unarmed           |   119 |   157 |   102 ||   378
       Bite              |    13 |    22 |     6 ||    41
       Punch             |     1 |     5 |     3 ||     9
Evoke: Wand              |       |     2 |     6 ||     8
  Use: Scroll            |       |     2 |     6 ||     8
       Potion            |       |       |     7 ||     7
 Stab: Sleeping          |     4 |     6 |     2 ||    12
       Distracted        |     1 |       |     2 ||     3
       Confused          |       |     1 |       ||     1
       Paralysed         |       |       |     2 ||     2
  Eat: Chunk             |     8 |     4 |     1 ||    13
Armor: Skin              |    16 |    19 |    69 ||   104
Dodge: Dodged            |    83 |    97 |   135 ||   315
